 Dungeon Crawl Stone Soup version 0.26-a0-651-gb41185065b (webtiles) character file.

Game seed: 1269938687587415557

185717 gbos the Severer (level 18, -4/170 HPs)
             Began as a Hill Orc Fighter on Oct 16, 2020.
             Was the Champion of Beogh.
             Slain by a snapping turtle (10 damage)
             ... on level 4 of the Shoals.
             The game lasted 02:06:07 (39540 turns).

gbos the Severer (Hill Orc Fighter)                Turns: 39540, Time: 02:06:08

Health: -4/170     AC: 33    Str: 22    XL:     18   Next: 3%
Magic:  24/30      EV: 23    Int: 13    God:    Beogh [******]
Gold:   1449       SH: 15    Dex:  5    Spells: 17/17 levels left

rFire    + . .     SeeInvis .   K - +8 broad axe (flame)
rCold    + . .     Faith    .   X - +2 kite shield {AC+3}
rNeg     . . .     Spirit   .   r - +3 plate armour {rF+}
rPois    +         Reflect  .   O - +2 hat
rElec    .         Harm     .   Q - +1 cloak {rPois}
rCorr    +         Rampage  .   J - +1 pair of gloves
MR       ++...                  Z - +0 pair of boots
Stlth    ..........             M - amulet of the acrobat
HPRegen  0.38/turn              U - ring "Estycumn" {rPois MR+ rCorr Dex-5 Stlth+}
MPRegen  0.22/turn              L - ring of protection from cold

@: acrobat, studying Armour
A: walk on water
}: 1/15 runes: gossamer
a: Smiting, Recall Orcish Followers, Give Item to Named Follower, Resurrection,
Renounce Religion


You were on level 4 of the Shoals.
You worshipped Beogh.
Beogh was exalted by your worship.
You visited 5 branches of the dungeon, and saw 31 of its levels.
You also visited: Volcano.

You collected 3854 gold pieces.
You spent 2405 gold pieces at shops.


   Skills:
 + Level 17.2 Fighting
 + Level 18.3 Axes
 + Level 17.7 Armour
 - Level 15.0 Shields
 + Level 17.0 Invocations


You had 17 spell levels left.
You didn't know any spells.
Your spell library contained the following spells:

 Spells                   Type           Power        Failure   Level
 Animate Skeleton         Necr           #.....       93%         1
 Apportation              Tloc           #.....       93%         1
 Corona                   Hex            #......      93%         1
 Foxfire                  Conj/Fire      #...         93%         1
 Magic Dart               Conj           #...         93%         1
 Pain                     Necr           #...         93%         1
 Shock                    Conj/Air       #...         93%         1
 Sting                    Tmut/Pois      #...         93%         1
 Summon Small Mammal      Summ           #...         93%         1
 Blink                    Tloc           N/A          98%         2
 Call Imp                 Summ           #.......     98%         2
 Ensorcelled Hibernation  Hex/Ice        #.....       98%         2
 Poisonous Vapours        Pois/Air       #.....       98%         2
 Slow                     Hex            #.......     98%         2
 Confusing Touch          Hex            #.......     100%        3
 Conjure Flame            Conj/Fire      #.......     100%        3
 Dazzling Flash           Conj/Hex       #.....       100%        3
 Gell's Gravitas          Tloc           #.........   100%        3
 Ignite Poison            Fire/Tmut/Pois #.......     100%        3
 Inner Flame              Hex/Fire       #.......     100%        3
 Mephitic Cloud           Conj/Pois/Air  #.......     100%        3
 Portal Projectile        Hex/Tloc       #.....       100%        3
 Static Discharge         Conj/Air       #.......     100%        3
 Tukima's Dance           Hex            #.......     100%        3
 Vampiric Draining        Necr           #.........   100%        3
 Animate Dead             Necr           #.........   100%        4
 Cause Fear               Hex            #.........   100%        4
 Leda's Liquefaction      Hex/Erth       #.........   100%        4
 Olgreb's Toxic Radiance  Pois           #.......     100%        4
 Petrify                  Tmut/Erth      #.......     100%        4
 Sticky Flame             Conj/Fire      #.......     100%        4
 Summon Lightning Spire   Summ/Air       #.......     100%        4
 Agony                    Necr           #.......     100%        5
 Fireball                 Conj/Fire      #.........   100%        5
 Metabolic Englaciation   Hex/Ice        #.........   100%        5
 Silence                  Hex/Air        #.........   100%        5
 Yara's Violent Unravell  Hex/Tmut       #.........   100%        5
 Starburst                Conj/Fire      #.........   100%        6
 Discord                  Hex            #.........   100%        8
 Ignition                 Fire           #.........   100%        8
 Dragon's Call            Summ           #.........   100%        9
 Tornado                  Air            #.........   100%        9

Inventory:

Hand Weapons
 b - a +0 demon trident of venom
 m - a +0 glaive of flaming
 y - the +12 hand axe of Risk Management {venom, +Inv rC+ Str+5 Int-2}

   It poisons the flesh of those it strikes.
   It affects your strength (+5).
   It affects your intelligence (-2).
   It protects you from cold.
   It lets you turn invisible.
 K - a +8 broad axe of flaming (weapon)
Missiles
 I - 1042 stones (quivered)
 N - 14 curare-tipped darts {=f}
Armour
 r - a +3 plate armour of fire resistance (worn)
 J - a +1 pair of gloves (worn)
 O - a +2 hat (worn)
 Q - a +1 cloak of poison resistance (worn)
 X - a +2 kite shield of protection (worn)
 Y - the +1 scale mail of Kinlopae {rC+ Int+7 Stlth-}

   It affects your intelligence (+7).
   It protects you from cold.
   It makes you less stealthy.
 Z - a +0 pair of boots (worn)
Magical Staves
 B - an uncursed staff of death {unknown}
 E - an uncursed staff of cold {unknown}
Jewellery
 f - an uncursed ring of fire
 q - an uncursed ring of protection from fire
 u - an uncursed amulet of faith
 w - a +4 ring of protection
 L - a ring of protection from cold (right hand)
 M - an amulet of the acrobat (around neck)
 R - an uncursed ring of flight
 U - the ring "Estycumn" (left hand) {rPois MR+ rCorr Dex-5 Stlth+}

   [ring of resist corrosion]

   It affects your dexterity (-5).
   It protects you from poison.
   It affects your resistance to hostile enchantments.
   It provides partial protection from all sources of acid and corrosion.
   It makes you more stealthy.
Wands
 d - a wand of digging (18)
 h - a wand of flame (120)
 C - a wand of polymorph (24)
 F - a wand of enslavement (11)
 G - a wand of acid (9)
 H - a wand of paralysis (35)
 T - a wand of iceblast (33)
Scrolls
 c - 5 scrolls of blinking
 e - 13 scrolls of remove curse
 j - 8 scrolls of immolation {!r}
 l - 5 scrolls of magic mapping
 v - a scroll of fear
 D - 14 scrolls of teleportation {@r4}
 P - 3 scrolls of fog
 W - a scroll of holy word
Potions
 g - 6 potions of heal wounds {@q2}
 i - 4 potions of lignification {!q}
 k - 11 potions of haste {@q3}
 n - 5 potions of magic
 o - 5 potions of berserk rage {!q}
 p - 6 potions of ambrosia
 s - a potion of might
 t - 12 potions of curing {@q1}
 x - 3 potions of cancellation
 z - 4 potions of stabbing
 A - 5 potions of invisibility
 S - 5 potions of brilliance
 V - 4 potions of resistance
Books
 a - a manual of Armour

Dungeon Overview and Level Annotations

Branches:
Dungeon (15/15)            Temple (0/1) D:5            Lair (6/6) D:9
 Shoals (4/4) Lair:3       Spider (4/4) Lair:2        Slime (0/5) Lair:6
    Orc (2/2) D:11            Elf (0/3) Orc:2        Vaults (0/5) D:14
 Depths (0/5) D:15        Volcano (visited)

Altars:
Ashenzari
Gozag
Hepliaklqana
Makhleb
Okawaru
Qazlal
Xom
Yredelemnul
Zin
The Shining One
Beogh

Shops:
D:6 *   D:8 [   Orc:2 :}[*

Portals:
Hell: Lair:6

Annotations:
D:10 exclusion: downstairs
D:12 1 runed translucent door

≈≈≈≈≈≈≈≈≈≈≈
≈≈≈≈≈≈≈≈≈≈≈≈
≈≈≈≈≈≈o≈≈≈≈
≈≈≈≈≈≈≈....
≈≈≈≈≈≈.... ▒▒▒▒
≈≈≈≈≈≈...▒▒t..▒▒
≈≈≈≈≈...o▒mm)..▒
≈≈≈≈≈≈..oooom?..▒
≈≈≈≈≈≈S...o▒≈)4..▒
..≈≈≈≈≈..4o▒▒m..▒▒
..≈≈.(..(o.▒▒▒▒▒.
▒...............
▒...............
▒▒..............
▒...........≈≈≈ .
▒▒▒▒▒.......≈≈≈.


You could see 2 merfolk impalers, a merfolk javelineer, a sea snake, a snapping
turtle, a merfolk, the friendly Argrim the orc warlord (strong), 2 friendly orc
warlords, a friendly orc knight (strong), a friendly hellwing (summoned), a
friendly chaos spawn (summoned), the friendly Wargath the orc sorcerer (strong,
fleeing), 2 friendly orc warriors and the friendly Zorug the orc priest
(strong).


Message History

Brunolf no longer looks unusually strong.
You block the merfolk impaler's attack.
The merfolk javelineer throws a javelin.
The javelin pierces through you.
* * * LOW HITPOINT WARNING * * *
You hear a splash.
Your hellwing closely misses the merfolk impaler.
Your hellwing closely misses the merfolk impaler.
The merfolk impaler barely misses you.
Brunolf roars a battlecry!
Brunolf goes into a battle-frenzy!
Brunolf hits the merfolk impaler with a +7 trident!
You block the merfolk impaler's attack.
The snapping turtle bites you from afar!
* * * LOW HITPOINT WARNING * * *
The merfolk hits you from afar with a +0 trident.
* * * LOW HITPOINT WARNING * * *
A sea snake comes into view.
The merfolk impaler hits Brunolf with a +5 trident!
The merfolk javelineer throws a javelin.
The javelin misses Brunolf.
The javelin pierces through you!!
* * * LOW HITPOINT WARNING * * *
The javelin barely misses Argrim.
The javelin pierces through your orc warrior!
Your hellwing completely misses the merfolk impaler.
Your hellwing completely misses the merfolk impaler.
Brunolf closely misses the merfolk impaler.
The snapping turtle bites you from afar!
You die...

Action                   |  1- 3 |  4- 6 |  7- 9 | 10-12 | 13-15 | 16-18 || total
-------------------------+-------+-------+-------+-------+-------+-------++-------
Melee: War axe           |    99 |   171 |       |     8 |    12 |       ||   290
       Hand axe          |       |    19 |   199 |   407 |   891 |   418 ||  1934
       Trident           |       |       |       |    18 |       |       ||    18
       Broad axe         |       |       |       |       |   156 |   257 ||   413
Throw: Stone             |       |       |     2 |       |     2 |       ||     4
Invok: Convert to Beogh  |       |     1 |       |       |       |       ||     1
       Smiting           |       |       |     3 |     6 |    19 |     6 ||    34
       Give Item to Name |       |       |       |       |     2 |     3 ||     5
       Recall Orcish Fol |       |       |       |       |     7 |     4 ||    11
       Stop Recall       |       |       |       |       |     7 |     4 ||    11
       Resurrection      |       |       |       |       |     1 |       ||     1
Evoke: Wand              |       |       |     4 |    17 |     8 |     2 ||    31
  Use: Scroll            |       |       |     8 |    17 |    12 |    12 ||    49
       Potion            |       |       |       |     2 |     1 |     2 ||     5
 Stab: Paralysed         |       |       |     1 |    17 |       |     7 ||    25
       Distracted        |       |       |       |     4 |     7 |     9 ||    20
       Petrified         |       |       |       |       |       |    11 ||    11
Armor: Scale mail        |    61 |    74 |    63 |    29 |       |       ||   227
       Plate armour      |       |       |       |   208 |   526 |   651 ||  1385
Dodge: Dodged            |    44 |    54 |    51 |    85 |   313 |   457 ||  1004
Block: Kite shield       |    53 |    84 |   113 |   226 |   763 |   704 ||  1943

Levels and vault maps discovered:
D:1:      minmay_arrival_cross, layout_basic
D:2:      layout_loops_ring
D:3:      layout_basic
D:4:      layout_basic, kennysheep_generic_room_10
D:5:      layout_rooms, minmay_overflow_temple_star_hex,
          minmay_temple_entry_trees, minmay_holes, okawaru_altar_gauntlet_db
D:6:      layout_loops_ring, serial_shops, shop_fountains, basic_altar,
          kennysheep_decorative_pillar, uniq_crazy_yiuf_cottage, uniq_menkaure
D:7:      layout_cave_pods
D:8:      layout_loops_cross, serial_shops, kennysheep_little_box, uniq_joseph,
          uniq_psyche
D:9:      layout_rooms, lair_entry_dummy, chequers_mini_garden
D:10:     layout_basic
D:11:     layout_big_octagon, orc_0_dummy, serial_column_ruins,
          column_ruins_square_medium, column_ruins_hut_ruined,
          column_ruins_open_medium, column_ruins_columns_straight,
          column_ruins_columns_corner, column_ruins_open_tiny, uniq_maurice
D:12:     due_megacathedral, layout_cave_pods, nrook_guardian_serpent_ordinary
D:13:     layout_layer_cave, evilmike_ruin_ashenzari
D:14:     minmay_crescents, layout_rooms, david_vaults_2, minmay_crystal_room,
          minmay_misc_feat_encased
D:15:     grunt_enter_depths_snipers, layout_cave_pools
Lair:1:   layout_gridlike, lemuel_fruit_fields
Lair:2:   layout_hall_layers, nicolae_spider_entry_orb_guardian
Lair:3:   layout_gridlike, minmay_shoals_entry_hut
Lair:4:   layout_cave_pods, basic_altar, st_stairs_8, uniq_urug
Lair:5:   lemuel_reptile_caves, layout_long_grid, gammafunk_ghost_grave
Lair:6:   evil_forest, layout_cave_pods, slime_dummy,
          nicolae_volcano_entry_lava_flow, minmay_lair_drake_nest,
          lemuel_fruit_tree, grunt_megastairs_4
Shoals:1: layout_shoals
Shoals:2: layout_shoals, uniq_polyphemus
Shoals:3: layout_shoals
Shoals:4: shoals_end_simple, layout_shoals, lemuel_oklob_altar
Spider:1: spiders_nest_scorpion_pit
Spider:2: layout_spider_delve, uniq_nikola
Spider:3: layout_spider_delve, ebering_ghost_xom, drop_trap, uniq_arachne
Spider:4: grunt_spider_rune_island, uniq_aizul
Orc:1:    layout_caves, basic_altar, uniq_snorg, uniq_nergalle
Orc:2:    st_orc_ogre_mass, layout_caves, nooodl_orcs_dogs

Notes
Turn   | Place    | Note
-------+----------+-------------------------------------------
     0 | D:1      | gbos the Hill Orc Fighter began the quest for the Orb.
     0 | D:1      | Reached XP level 1. HP: 19/19 MP: 1/1
   185 | D:1      | Reached XP level 2. HP: 27/27 MP: 2/2
   208 | D:1      | Reached skill level 3 in Axes
   518 | D:1      | Reached skill level 4 in Fighting
   574 | D:1      | Reached XP level 3. HP: 33/33 MP: 3/3
   941 | D:2      | Reached XP level 4. HP: 33/40 MP: 4/4
  1603 | D:3      | Noticed a bullfrog
  1663 | D:3      | Reached skill level 4 in Shields
  1669 | D:3      | Reached skill level 4 in Armour
  1684 | D:3      | Reached skill level 4 in Axes
  1713 | D:3      | Reached XP level 5. HP: 47/47 MP: 5/5
  1865 | D:3      | Reached skill level 5 in Fighting
  1865 | D:3      | Reached XP level 6. HP: 54/56 MP: 6/6
  2608 | D:4      | Got an ancient hand axe
  2609 | D:4      | Identified the +12 hand axe of Risk Management {venom, +Inv
                  | rC+ Str+5 Int-2} (You found it on level 4 of the Dungeon)
  2679 | D:4      | Became a worshipper of Beogh the Brigand
  2779 | D:3      | Reached skill level 5 in Axes
  2779 | D:3      | Reached skill level 5 in Shields
  2880 | D:4      | Reached skill level 5 in Armour
  3040 | D:4      | Reached XP level 7. HP: 61/61 MP: 7/7
  3696 | D:5      | Entered Level 5 of the Dungeon
  3697 | D:5      | Reached skill level 6 in Fighting
  3796 | D:5      | Found an iron altar of Okawaru.
  3826 | D:5      | Found a staircase to the Ecumenical Temple.
  3836 | D:5      | Reached skill level 6 in Axes
  3916 | D:6      | Found a stormy altar of Qazlal.
  3984 | D:6      | Reached * piety under Beogh
  4046 | D:6      | Reached XP level 8. HP: 62/71 MP: 8/8
  4049 | D:6      | Got a steaming leather armour
  4184 | D:6      | Found a runed translucent door.
  4185 | D:6      | Noticed Crazy Yiuf
  4297 | D:6      | Reached skill level 6 in Shields
  4339 | D:6      | Reached skill level 6 in Armour
  4420 | D:6      | Reached skill level 7 in Axes
  4427 | D:6      | Reached skill level 7 in Fighting
  4515 | D:6      | Noticed Menkaure
  4525 | D:6      | Killed Menkaure
  4553 | D:6      | Found Enofai's General Store.
  4561 | D:6      | Bought a scroll of teleportation for 42 gold pieces
  4561 | D:6      | Bought a potion of heal wounds for 70 gold pieces
  4564 | D:6      | Bought a scroll of identify for 28 gold pieces
  5029 | D:7      | Noticed a hippogriff
  5042 | D:7      | Killed a hippogriff
  5112 | D:7      | Reached XP level 9. HP: 74/79 MP: 9/9
  5212 | D:7      | Reached skill level 7 in Armour
  5212 | D:7      | Reached skill level 7 in Shields
  5261 | D:7      | Reached ** piety under Beogh
  5321 | D:7      | Reached skill level 8 in Axes
  5834 | D:8      | Noticed Psyche
  5913 | D:9      | Noticed a two-headed ogre
  6009 | D:8      | Found Okubb's Armour Shoppe.
  6080 | D:8      | Noticed a two-headed ogre
  6091 | D:8      | Killed a two-headed ogre
  6091 | D:8      | Reached skill level 8 in Fighting
  6091 | D:8      | Reached skill level 2 in Invocations
  6252 | D:8      | Reached skill level 3 in Invocations
  6429 | D:8      | Noticed Joseph
  6446 | D:8      | Killed Joseph
  6446 | D:8      | Reached skill level 9 in Axes
  6446 | D:8      | Reached skill level 8 in Armour
  6446 | D:8      | Reached skill level 8 in Shields
  6487 | D:8      | Reached XP level 10. HP: 90/90 MP: 12/12
  6537 | D:8      | Killed a two-headed ogre
  6537 | D:8      | Reached skill level 9 in Fighting
  6537 | D:8      | Reached skill level 4 in Invocations
  6700 | D:9      | Found a staircase to the Lair.
  6779 | D:9      | Reached skill level 5 in Invocations
  6955 | D:7      | Killed Psyche
  7056 | D:6      | Killed Crazy Yiuf
  7269 | D:10     | Entered Level 10 of the Dungeon
  7288 | D:9      | Reached *** piety under Beogh
  7576 | D:10     | Reached skill level 10 in Axes
  7790 | D:10     | Killed an unseen horror
  7790 | D:10     | Reached skill level 9 in Armour
  7790 | D:10     | Reached skill level 9 in Shields
  7790 | D:10     | Reached skill level 6 in Invocations
  7995 | D:10     | Got a masterwork scale mail
  8099 | D:10     | Noticed a gargoyle
  8107 | D:10     | Killed a gargoyle
  8163 | D:10     | Reached skill level 10 in Fighting
  8201 | D:11     | Noticed a four-headed hydra
  8309 | D:11     | HP: 26/93 [four-headed hydra (3)]
  8474 | D:9      | Identified the +1 scale mail of Kinlopae {rC+ Int+7 Stlth-}
                  | (You found it on level 10 of the Dungeon)
  8541 | D:10     | Identified the +0 leather armour "Nor Xol" {Int+3 Dex-4}
                  | (You found it on level 6 of the Dungeon)
  8592 | D:11     | Noticed Maurice
  8672 | D:11     | Noticed a death knight
  8686 | D:10     | Reached XP level 11. HP: 99/99 MP: 15/15
  8731 | D:11     | Killed Maurice
  8758 | D:11     | Killed an 11-headed hydra
  8758 | D:11     | Reached skill level 7 in Invocations
  8916 | D:11     | Found a staircase to the Orcish Mines.
  8927 | Orc:1    | Entered Level 1 of the Orcish Mines
  9100 | Lair:1   | Entered Level 1 of the Lair of Beasts
  9177 | Lair:1   | Reached skill level 11 in Axes
  9997 | Lair:1   | Gained Brunolf as an ally
 10122 | Lair:1   | Reached skill level 10 in Shields
 10122 | Lair:1   | Reached skill level 8 in Invocations
 10243 | Lair:1   | Reached skill level 10 in Armour
 10612 | Lair:2   | Reached skill level 11 in Fighting
 10945 | Lair:2   | Reached XP level 12. HP: 99/110 MP: 18/18
 10952 | Lair:2   | Reached **** piety under Beogh
 10997 | Lair:2   | Found a hole to the Spider Nest.
 11646 | Lair:3   | Reached skill level 9 in Invocations
 11650 | Lair:3   | Reached skill level 12 in Axes
 12135 | Lair:3   | Found a staircase to the Shoals.
 12491 | Lair:4   | Noticed a six-headed hydra
 12495 | Lair:4   | Killed a six-headed hydra
 12495 | Lair:4   | Reached skill level 11 in Shields
 12586 | Lair:4   | Noticed a seven-headed hydra
 12593 | Lair:4   | Killed a seven-headed hydra
 12593 | Lair:4   | Reached skill level 11 in Armour
 12593 | Lair:4   | Reached skill level 10 in Invocations
 12645 | Lair:4   | Noticed a five-headed hydra
 12666 | Lair:4   | Killed a five-headed hydra
 12810 | Lair:4   | Reached skill level 12 in Fighting
 13005 | Lair:4   | Found a burning altar of Makhleb.
 13253 | Lair:4   | Noticed Urug
 13266 | Lair:4   | Killed Urug
 13539 | Lair:5   | Reached XP level 13. HP: 118/118 MP: 20/20
 13607 | Lair:5   | Found a runed translucent door.
 13607 | Lair:5   | Noticed Mesmaeker13's ghost (journeyman DEAE)
 13876 | Lair:5   | Identified a scroll of acquirement
 13876 | Lair:5   | Acquired the ring "Estycumn" {rPois MR+ rCorr Dex-5 Stlth+}
 13888 | Lair:5   | Reached skill level 13 in Axes
 14437 | Lair:5   | Reached ***** piety under Beogh
 14536 | Lair:5   | Reached skill level 11 in Invocations
 14787 | Lair:5   | Killed Mesmaeker13's ghost
 14810 | Lair:6   | Entered Level 6 of the Lair of Beasts
 15249 | Lair:6   | Reached skill level 12 in Shields
 15318 | Lair:6   | Reached skill level 12 in Armour
 15473 | Lair:6   | Reached skill level 13 in Fighting
 15474 | Lair:6   | Found a dark tunnel.
 15496 | Lair:6   | Found a staircase to the Slime Pits.
 15522 | Volcano  | Entered a volcano
 15600 | Volcano  | Reached skill level 14 in Axes
 15617 | Volcano  | Reached XP level 14. HP: 102/129 MP: 22/22
 15723 | Volcano  | Reached skill level 12 in Invocations
 16037 | Lair:6   | Identified Ruerr's Almanac of Air
 16398 | D:12     | Reached ****** piety under Beogh
 16672 | Orc:1    | Found a roughly hewn altar of Beogh.
 16676 | Orc:1    | Noticed Nergalle
 16696 | Orc:1    | Killed Nergalle
 17036 | Orc:2    | Entered Level 2 of the Orcish Mines
 17429 | Orc:2    | Gained Norbak as an ally
 17525 | Orc:2    | Found Vokhluj's Armour Shoppe.
 17525 | Orc:2    | Found Zuphof's Assorted Antiques.
 17526 | Orc:2    | Found Uttuj's Book Shop.
 17526 | Orc:2    | Found Qim Sor's Gadget Shoppe.
 17534 | Orc:2    | Bought a potion of heal wounds for 135 gold pieces
 17534 | Orc:2    | Bought a scroll of identify for 54 gold pieces
 17934 | Orc:2    | Found a staircase to the Elven Halls.
 18050 | Orc:2    | Paralysed by an orc sorcerer for 5 turns
 18470 | Orc:2    | Reached skill level 13 in Armour
 18470 | Orc:2    | Reached skill level 13 in Shields
 18635 | Orc:1    | Noticed Snorg
 18648 | Orc:2    | Killed Snorg
 18648 | Orc:2    | Reached skill level 14 in Fighting
 19548 | Lair:6   | Noticed a dire elephant
 19555 | Lair:6   | Killed a dire elephant
 19555 | Lair:6   | Reached skill level 13 in Invocations
 19703 | Lair:6   | Found a burning altar of Makhleb.
 19741 | Lair:6   | Found a gateway to Hell.
 19883 | Lair:6   | Reached skill level 15 in Axes
 21168 | D:12     | Reached XP level 15. HP: 125/138 MP: 24/24
 21475 | D:12     | Found a runed translucent door.
 21503 | D:12     | Found a basalt altar of Yredelemnul.
 21524 | D:12     | Found a hazy altar of Hepliaklqana.
 21541 | D:12     | Found a glowing silver altar of Zin.
 21555 | D:12     | Found an opulent altar of Gozag.
 21680 | D:12     | Found a glowing golden altar of the Shining One.
 21719 | D:12     | Found a glowing silver altar of Zin.
 22110 | D:13     | Found a broken altar of Ashenzari.
 23966 | D:14     | Found a gate to the Vaults.
 24234 | D:14     | Reached skill level 14 in Invocations
 24383 | D:15     | Entered Level 15 of the Dungeon
 24719 | D:15     | HP: 40/139 [something (15)]
 24731 | D:15     | Reached skill level 15 in Fighting
 24733 | D:15     | Gained Morbeogh as an ally
 24739 | D:15     | Reached skill level 14 in Armour
 24740 | D:15     | Gained Argrim as an ally
 24994 | D:6      | Bought the +12 glaive of Callousness {venom, +Inv rC+} for
                  | 1243 gold pieces
 24994 | D:6      | Bought a scroll of enchant armour for 105 gold pieces
 24994 | D:6      | Bought a scroll of acquirement for 728 gold pieces
 25013 | D:6      | Acquired a manual of Armour
 25304 | Spider:1 | Entered Level 1 of the Spider Nest
 25377 | Spider:1 | Reached skill level 14 in Shields
 25380 | Spider:1 | Reached skill level 16 in Axes
 25404 | Spider:1 | Your ally Morbeogh died
 25607 | Spider:1 | Noticed an emperor scorpion
 25615 | Spider:1 | Killed an emperor scorpion
 25620 | Spider:1 | Reached XP level 16. HP: 140/149 MP: 26/26
 25630 | Spider:1 | Your ally Morbeogh died
 28132 | Spider:2 | Noticed Nikola
 28139 | Spider:1 | Reached skill level 15 in Invocations
 28272 | Spider:1 | Reached skill level 15 in Armour
 28277 | Spider:1 | Killed Nikola
 29127 | Spider:2 | Your ally Norbak died
 29876 | Spider:3 | Noticed Arachne
 29897 | Spider:2 | Killed Arachne
 30366 | Spider:3 | Found a runed translucent door.
 30774 | Spider:3 | Found a shimmering altar of Xom.
 30774 | Spider:3 | Noticed Hihuk's ghost (adept SpFi)
 30792 | Spider:3 | Killed Hihuk's ghost
 30894 | Spider:3 | Identified the Incunabulum of Ensnaring Combat Magic
 30911 | Spider:3 | Gained Wargath as an ally
 31079 | Spider:3 | Identified 2 potions of resistance
 31096 | Spider:3 | Reached skill level 17 in Axes
 31097 | Spider:3 | Reached skill level 16 in Fighting
 31686 | Spider:4 | Entered Level 4 of the Spider Nest
 31686 | Spider:4 | Noticed Aizul
 32404 | Spider:3 | Killed Aizul
 32487 | Spider:3 | Reached XP level 17. HP: 122/158 MP: 28/28
 32727 | Spider:3 | Reached skill level 16 in Armour
 33135 | Spider:4 | Reached skill level 15 in Shields
 33348 | Spider:4 | Identified Tuleg's Compendium of Flamy Summoning
 33641 | Spider:4 | Reached skill level 16 in Invocations
 34390 | Spider:4 | Got a gossamer rune of Zot
 34620 | Spider:4 | Got a masterwork falchion
 34621 | Spider:4 | Identified the +11 falchion of Ulemp {venom, Fragile SInv
                  | Stlth+} (You found it on level 4 of the Spider Nest)
 35315 | D:15     | Found a staircase to the Depths.
 35781 | Shoals:1 | Entered Level 1 of the Shoals
 36780 | Shoals:1 | Reached skill level 17 in Armour
 37317 | Shoals:2 | Noticed Polyphemus
 37333 | Shoals:2 | Gained Brunolf as an ally
 37342 | Shoals:2 | Killed Polyphemus
 37491 | Shoals:2 | Reached skill level 18 in Axes
 38388 | Shoals:2 | Reached skill level 17 in Fighting
 39454 | Shoals:4 | Entered Level 4 of the Shoals
 39461 | Shoals:4 | Gained Zorug as an ally
 39530 | Shoals:4 | Reached XP level 18. HP: 147/169 MP: 30/30
 39531 | Shoals:4 | Reached skill level 17 in Invocations
 39538 | Shoals:4 | HP: 47/170 [merfolk siren/+0 trident (5)]
 39539 | Shoals:4 | HP: 23/170 [merfolk/+0 trident (6)]
 39540 | Shoals:4 | HP: 6/170 [merfolk javelineer/javelin (18)]
 39540 | Shoals:4 | Slain by a snapping turtle

Vanquished Creatures
  Nikola (Spider:1)
  Polyphemus (Shoals:2)
  3 ghost moths
  Aizul (Spider:3)
  4 emperor scorpions (Spider:1)
  2 hydras
  A yaktaur captain (D:15)
  A catoblepas (D:13)
  3 centaur warriors
  3 merfolk aquamancers
  2 merfolk avatars
  2 tengu warriors (D:15)
  3 death yaks
  2 ogre magi (Orc:2)
  8 two-headed ogres
  Urug (Lair:4)
  3 skeletal warriors
  A sea snake (Shoals:4)
  2 unseen horrors
  3 anaconda skeletons (Volcano)
  A wizard (Lair:6)
  11 orb spiders
  2 ugly things
  A deep elf mage (D:14)
  3 fauns
  2 cyclopes
  2 orc sorcerers
  19 wolf spiders
  4 manticores
  A merfolk siren (Shoals:4)
  An elephant (Lair:3)
  Maurice (D:11)
  Joseph (D:8)
  2 black mambas (Lair:6)
  2 centaur skeletons (D:15)
  Psyche (D:7)
  4 water nymphs
  7 gargoyles
  2 torpor snails
  9 cane toads
  A yaktaur (D:15)
  5 demonic crawlers
  2 kobold demonologists
  7 komodo dragons
  4 rime drakes
  3 ice devils (Lair:6)
  5 merfolk
  A hellwing (Lair:6)
  15 jumping spiders
  3 wind drakes
  A tengu conjurer (D:15)
  2 trolls
  2 meliai (Spider:4)
  8 hornets
  9 blink frogs
  4 snapping turtles
  2 dream sheep (Lair:6)
  10 hippogriffs
  2 flying skulls (Volcano)
  11 tarantellas
  4 wraiths
  An alligator skeleton (Volcano)
  34 redbacks
  A centaur simulacrum (D:12)
  17 yaks
  5 water elementals (Shoals:2)
  A shadow (D:12)
  A wyvern (Lair:6)
  9 fire bats (D:12)
  2 basilisks
  2 vampire mosquitoes (D:14)
  Menkaure (D:6)
  A warg (shapeshifter) (D:14)
  4 wargs
  15 water moccasins
  2 hell hounds (Lair:6)
  5 porcupines
  5 orc warriors
  A sky beast (D:12)
  5 ice beasts
  2 phantoms
  23 ogres
  4 boggarts (D:15)
  9 wolves
  7 centaurs
  9 crocodiles
  A big kobold (D:9)
  16 bullfrogs
  A wyvern skeleton (D:6)
  2 scorpions
  11 killer bees
  2 troll skeletons (Volcano)
  11 wights
  3 howler monkeys
  2 spriggan skeletons (Volcano)
  2 electric eels
  2 centaur zombies
  2 bullfrog zombies
  9 hounds
  3 orc priests
  Crazy Yiuf (D:6)
  2 bullfrog skeletons (D:8)
  4 jellies
  12 orc wizards
  4 iguanas
  5 worker ants
  A killer bee zombie (D:7)
  3 naga skeletons (Volcano)
  A hound skeleton (D:6)
  2 worker ant zombies
  25 adders
  A gnoll (D:5)
  2 shadow imps
  4 white imps
  2 ufetubi
  An adder zombie (D:6)
  5 worms
  2 dart slugs
  5 leopard geckos
  38 orcs
  A ball python (D:4)
  7 giant cockroaches
  3 goblins
  12 hobgoblins
  10 jackals
  10 kobolds
  6 quokkas
  62 bats
  3 frilled lizards
  6 rats
  A butterfly (Lair:1)
  A fungus (Spider:1)
  2 plants (Shoals:1)
701 creatures vanquished.

Vanquished Creatures (collateral kills)
  Arachne (Spider:2)
  2 ghost moths (Spider:4)
  6 emperor scorpions
  The ghost of Hihuk the Unseen, an adept SpFi of Uskayaw (Spider:3)
  An entropy weaver (Spider:3)
  3 slime creatures
  A dire elephant (Lair:6)
  Snorg (Orc:2)
  A merfolk javelineer (Shoals:2)
  The ghost of Mesmaeker13 the Nimble, a journeyman DEAE of Elyvilon (Lair:5)
  A merfolk impaler (Shoals:3)
  9 hydras
  A catoblepas (Shoals:2)
  4 centaur warriors
  A merfolk avatar (Shoals:3)
  2 death knights
  2 merfolk aquamancers
  A dancing weapon (Spider:3)
  3 ogre magi
  3 satyrs
  2 death yaks (Shoals:2)
  11 two-headed ogres
  A sun demon (Lair:6)
  Nergalle (Orc:1)
  3 skeletal warriors (D:13)
  7 sea snakes
  An unseen horror (D:15)
  A flayed ghost (D:14)
  An orc knight (D:15)
  21 wolf spiders
  6 manticores
  16 orb spiders
  5 fauns
  A centaur zombie (D:14)
  A faun (shapeshifter) (D:14)
  2 moths of wrath (Spider:2)
  A salamander (shapeshifter) (D:13)
  4 cyclopes
  2 merfolk sirens
  8 elephants
  2 black mambas (Lair:6)
  A torpor snail (Spider:1)
  A guardian serpent (D:12)
  A gargoyle (D:14)
  4 water nymphs
  3 rime drakes (Lair:6)
  4 demonic crawlers
  5 cane toads
  3 komodo dragons
  A freezing wraith (D:14)
  3 trolls
  2 ice devils (Lair:6)
  7 merfolk
  19 jumping spiders
  A meliai (Spider:4)
  4 hornets
  A queen bee (shapeshifter) (D:13)
  3 wind drakes
  7 blink frogs
  6 snapping turtles
  5 dream sheep (Lair:6)
  5 hippogriffs
  A shadow (D:12)
  39 redbacks
  6 fire bats (D:12)
  A basilisk (Lair:6)
  A wraith (D:12)
  15 tarantellas
  2 wyverns
  10 yaks
  A hog (shapeshifter) (D:14)
  A steam dragon (shapeshifter) (D:14)
  5 wargs
  A vampire mosquito (D:14)
  11 water moccasins
  3 hell hounds (Lair:6)
  2 porcupines
  6 orc warriors (Orc:2)
  11 ogres
  A hornet zombie (D:15)
  An ice beast (D:13)
  A boggart (D:15)
  6 centaurs
  5 crocodiles
  5 wolves
  5 bullfrogs
  A wyvern skeleton (D:12)
  5 killer bees
  A wight (D:14)
  3 orc priests
  3 centaur skeletons
  2 orc wizards
  A worker ant (D:10)
  2 adders (Lair:5)
  9 orcs
  12 bats (D:12)
  5 plants
412 creatures vanquished.

Vanquished Creatures (others)
  3 orc knights
  2 orc sorcerers
  5 orc warriors
  A flying skull (Volcano)
  A redback (Spider:1)
  7 orc wizards
  6 orc priests
  24 orcs
  36 fungi
  143 plants
228 creatures vanquished.

Grand Total: 1341 creatures vanquished
